 Dungeon Crawl Stone Soup version 0.23.2-40-g277498a001 (webtiles) character file.

Game seed: 12936110184240942014

301 RageMage the Conjurer (level 6, -6/47 HPs)
             Began as a Draconian Conjurer on Sept 4, 2019.
             Was an Initiate of Makhleb.
             Mangled by Crazy Yiuf
             ... wielding a +4 quarterstaff of chaos
              (12 damage)
             ... on level 3 of the Dungeon.
             The game lasted 00:15:40 (2956 turns).

RageMage the Conjurer (Draconian Conjurer)          Turns: 2956, Time: 00:15:41

Health: -6/47      AC:  8    Str: 11    XL:     6   Next: 14%
Magic:  9/10       EV: 13    Int: 16    God:    Makhleb [......]
Gold:   164        SH:  0    Dex: 12    Spells: 9/10 levels left

rFire    + . .     SeeInvis .   p - +0 scythe
rCold    + . .     Gourm    .   (shield currently unavailable)
rNeg     . . .     Faith    .   (armour unavailable)
rPois    .         Spirit   .   (helmet restricted)
rElec    .         Reflect  .   j - scarf {rC+ rF+}
rCorr    .         Harm     .   n - +1 pair of gloves
MR       .....                  (no boots)
Stlth    ++........             m - amulet of rage
HPRegen  0.15/turn              (no ring)
MPRegen  0.12/turn              (no ring)

@: slowed, very slow
A: unfitting armour, cold-blooded, AC +6
a: Renounce Religion, Evoke Berserk Rage


You were on level 3 of the Dungeon.
You worshipped Makhleb.
Makhleb was noncommittal.
You were hungry.

You visited 1 branch of the dungeon, and saw 3 of its levels.

You collected 164 gold pieces.

Inventory:

Hand Weapons
 a - a +0 mace
 d - a +0 dagger
 p - a +0 scythe (weapon)
Armour
 h - a +0 leather armour
 j - a scarf of resistance (worn)
 n - a +1 pair of gloves (worn)
 r - a +0 helmet
Jewellery
 g - an uncursed amulet of faith {unknown}
 k - a cursed -2 ring of strength {unknown}
 m - an amulet of rage (around neck)
 q - a cursed ring of attention {unknown}
Wands
 l - a wand of iceblast (7)
Scrolls
 b - a scroll of identify
 c - 2 scrolls of amnesia {unknown}
 f - 2 scrolls of remove curse {unknown}
 o - a scroll of fog {unknown}
Potions
 e - 2 potions of curing
 s - a potion of mutation {unknown}
 t - 2 potions of degeneration {unknown}
Comestibles
 i - 5 rations


   Skills:
 + Level 1.5 Fighting
 + Level 3.0 Maces & Flails
 + Level 2.6 Dodging
 + Level 3.0 Stealth
 + Level 2.7 Spellcasting
 + Level 4.9 Conjurations


You had 9 spell levels left.
You knew the following spells:

 Your Spells              Type           Power        Failure   Level  Hunger
a - Magic Dart            Conj           ###.         2%          1    #......

Your spell library contained the following spells:

 Spells                   Type           Power        Failure   Level  Hunger
 Searing Ray              Conj           ###...       3%          2    ##.....
 Dazzling Spray           Conj/Hex       ##....       21%         3    ###....
 Iskenderun's Mystic Bla  Conj           ###.....     26%         4    #####..
 Force Lance              Conj/Tloc      ##......     56%         4    #####..
 Fulminant Prism          Conj/Hex       ##........   56%         4    #####..


Dungeon Overview and Level Annotations

Branches:
Dungeon (3/15)

Altars:
Fedhas
Makhleb
Nemelex Xobeh
Sif Muna

Annotations:
D:3 Crazy Yiuf


Innate Abilities, Weirdness & Mutations

Your plain brown scales are hard. (AC +6)
You cannot fit into any form of body armour.
You are cold-blooded and may be slowed by cold attacks.


Message History

Crazy Yiuf barely misses you. Crazy Yiuf closely misses you.
You slash Crazy Yiuf!
Crazy Yiuf is severely wounded.
Crazy Yiuf misses you.
Crazy Yiuf hits you with a +4 quarterstaff of chaos.
You barely miss Crazy Yiuf.
Crazy Yiuf is severely wounded.
Crazy Yiuf hits you with a +4 quarterstaff of chaos!
You are electrocuted!!
* * * LOW HITPOINT WARNING * * *
Crazy Yiuf hits you with a +4 quarterstaff of chaos.
* * * LOW HITPOINT WARNING * * *
You feel yourself slow down.
You barely miss Crazy Yiuf.
Crazy Yiuf is severely wounded.
Crazy Yiuf closely misses you. Crazy Yiuf misses you.
You closely miss Crazy Yiuf.
Crazy Yiuf is severely wounded.
Crazy Yiuf hits you with a +4 quarterstaff of chaos!
You die...

#.#...................# #.....#.#
._....................###.....#.#
#.#.########.........)#.'.....#.#
#...# ##########.#.#.....#.#
##### #...#........ ###♣♣♣♣♣
#...#.##)##.# #####....♣.♣♣♣#####
#.........#.# ..........♣..♣#...#
#........>#.# #........♣♣♣♣.'.@g#
#.....##.##.# #[##....♣♣ ♣♣#..)#
########.##.# #.#####♣♣ #####
#†.._.....#.# #....#
###########.# .....# #.# #.#
.....################.# #####..
.....<................# #......
......................# #.####'
##....................# #.##...


You could see Crazy Yiuf.

Vanquished Creatures
  Sigmund (D:3)
  A bullfrog skeleton (D:3)
  Terence (D:3)
  4 adders
  A worm (D:3)
  4 leopard geckos
  A giant cockroach (D:1)
  4 hobgoblins
  7 jackals (D:1)
  A quokka (D:2)
  A ball python (D:3)
  5 bats
  A frilled lizard (D:1)
  10 goblins
  7 kobolds
  4 rats
53 creatures vanquished.

Notes
Turn   | Place    | Note
-------+----------+-------------------------------------------
     0 | D:1      | RageMage the Draconian Conjurer began the quest for the
                  | Orb.
     0 | D:1      | Reached XP level 1. HP: 14/14 MP: 3/3
   365 | D:1      | Reached XP level 2. HP: 9/22 MP: 3/5
  1119 | D:1      | Reached XP level 3. HP: 21/27 MP: 0/6
  1732 | D:2      | Found a burning altar of Makhleb.
  2009 | D:2      | Became a worshipper of Makhleb the Destroyer
  2063 | D:3      | Reached skill level 1 in Maces & Flails
  2329 | D:3      | Found a blossoming altar of Fedhas.
  2358 | D:3      | Reached XP level 4. HP: 20/34 MP: 4/7
  2360 | D:3      | Found a sparkling altar of Nemelex Xobeh.
  2366 | D:3      | Noticed Terence
  2393 | D:3      | Killed Terence
  2393 | D:3      | Reached skill level 1 in Fighting
  2458 | D:3      | Noticed Sigmund
  2470 | D:3      | Killed Sigmund
  2470 | D:3      | Reached XP level 5. HP: 28/40 MP: 0/9
  2470 | D:3      | Reached XP level 6. HP: 33/47 MP: 0/10
  2753 | D:3      | Found a runed translucent door.
  2754 | D:3      | Noticed Crazy Yiuf
  2866 | D:3      | Found a deep blue altar of Sif Muna.
  2956 | D:3      | Mangled by Crazy Yiuf

Skill      XL: |  1  2  3  4  5  6 |
---------------+-------------------+-----
Stealth        | 2 3 |  3.0
Dodging        | 2 |  2.6
Maces & Flails | 2 3 |  3.0
Fighting       | 1 |  1.5
Spellcasting   | |  2.7
Conjurations   | |  4.9

Action                   |  1- 3 |  4- 6 || total
-------------------------+-------+-------++-------
Melee: Unarmed           |    15 |       ||    15
       Mace              |    66 |    27 ||    93
       Tailslap          |     5 |     7 ||    12
       Scythe            |       |    18 ||    18
 Cast: Magic Dart        |    44 |    25 ||    69
  Use: Scroll            |     3 |       ||     3
       Potion            |       |     2 ||     2
 Stab: Distracted        |     1 |       ||     1
       Sleeping          |     3 |     2 ||     5
  Eat: Ration            |     2 |       ||     2
Armor: Skin              |    32 |    14 ||    46
Dodge: Dodged            |    70 |    35 ||   105
